 Dungeon Crawl Stone Soup version 0.30-a0-728-gc68057be0a (webtiles) character file.

Game seed: 7526238154112411915

19999 jimonade the Covert (level 12, -1/60 HPs)
             Began as a Vine Stalker Brigand on Jan 30, 2023.
             Was a Follower of Uskayaw.
             Slain by a catoblepas (6 damage)
             ... on level 1 of the Lair of Beasts.
             The game lasted 00:33:51 (9496 turns).

jimonade the Covert (Vine Stalker Brigand)          Turns: 9496, Time: 00:33:52

Health: -1/60      AC: 12    Str: 16    XL:     12   Next: 74%
Magic:  0/18       EV:  7    Int: 11    God:    Uskayaw [*.....]
Gold:   664        SH: 10    Dex: 19    Spells: 16/16 levels left

rFire   . . .      SeeInvis .    a - +2 dagger (venom)
rCold   . . .      Faith    .    I - +0 buckler
rNeg    . . .      Spirit   +    S - +0 acid dragon scales
rPois   +          Reflect  +    f - +1 helmet
rElec   .          Harm     .    l - +0 cloak
rCorr   +          Rampage  .    n - +0 pair of gloves
Will    +....                    (no boots)
Stlth   +++++                    R - amulet of reflection
HPRegen 1.10/turn                x - +4 ring of slaying
MPRegen 0.16/turn                A - ring of poison resistance

@: about to teleport, petrifying, very slow
A: fangs 3, regeneration 1, magic shield, antimagic bite, no potion heal 2
a: Renounce Religion, Stomp


You were on level 1 of the Lair of Beasts.
You worshipped Uskayaw.
Uskayaw was noncommittal.
You visited 3 branches of the dungeon, and saw 11 of its levels.

You collected 664 gold pieces.

Inventory:

Hand Weapons
 a - a +2 dagger of venom (weapon)
 b - a +2 dagger of draining
 c - a +2 short sword of freezing
 d - a +4 dagger
 k - a +0 sling
 p - a +2 dagger
 t - a +0 rapier
 y - a +1 dagger of speed
Missiles
 e - 2 curare-tipped darts
 z - 2 throwing nets
 H - 55 poisoned darts (quivered)
 P - 6 boomerangs
Armour
 f - a +1 helmet (worn)
 l - a +0 cloak (worn)
 n - a +0 pair of gloves (worn)
 I - a +0 buckler (worn)
 Q - +0 steam dragon scales
 S - +0 acid dragon scales (worn)
Jewellery
 u - an amulet of the acrobat
 v - a ring of positive energy
 x - a +4 ring of slaying (left hand)
 A - a ring of poison resistance (right hand)
 B - a ring of protection from fire
 R - an amulet of reflection (around neck)
Wands
 g - a wand of digging (5)
 E - a wand of polymorph (5)
 G - a wand of flame (39)
 K - a wand of paralysis (8)
 N - a wand of acid (10)
 O - a wand of iceblast (4)
Scrolls
 h - 5 scrolls of identify
 i - 7 scrolls of teleportation
 m - 2 scrolls of enchant weapon
 o - a scroll of fear
 w - a scroll of enchant armour
 J - a scroll of fog
 L - 4 scrolls of butterflies
 M - a scroll of amnesia
Potions
 j - 4 potions of brilliance
 q - 7 potions of curing
 r - 2 potions of haste
 s - a potion of lignification
 C - a potion of invisibility
 D - a potion of ambrosia
 F - 3 potions of might


   Skills:
 + Level 5.3 Fighting
 - Level 10.0 Short Blades
 + Level 3.9 Throwing
 + Level 5.3 Armour
 + Level 6.1 Dodging
 + Level 13.7 Stealth
 + Level 2.3 Shields
 * Level 2.7 Spellcasting
 * Level 2.6 Transmutations
 + Level 7.3 Invocations


You had 16 spell levels left.
You didn't know any spells.
Your spell library contained the following spells:

 Spells                   Type           Power      Damage    Failure   Level
 Magic Dart               Conj           4%         1d3       43%         1
 Call Imp                 Summ           1%         N/A       58%         2
 Gell's Gravitas          Tloc           1%         N/A       82%         3
 Mephitic Cloud           Conj/Pois/Air  1%         N/A       82%         3
 Teleport Other           Tloc           1%         N/A       82%         3
 Dispersal                Tloc           0%         N/A       100%        6


Dungeon Overview and Level Annotations

Branches:
Dungeon (9/15)             Temple (1/1) D:4            Lair (1/5) D:8
    Orc: D:9-12

Altars:
Ashenzari
Cheibriados
Dithmenos
Elyvilon
Fedhas
Gozag
Hepliaklqana
Kikubaaqudgha
Makhleb
Nemelex Xobeh
Okawaru
Qazlal
Ru
Sif Muna
Trog
Uskayaw
Vehumet
Wu Jian
Xom
Yredelemnul
Zin
The Shining One

Shops:
D:3 =


Innate Abilities, Weirdness & Mutations

You have razor-sharp teeth.
Your natural rate of healing is unusually fast.
When hurt, damage is shared between your health and your magic reserves.
Your bite disrupts and absorbs the magic of your enemies.
Potions cannot restore your health.


Message History

You block the catoblepas's attack.
You hit the catoblepas.
The catoblepas is poisoned.
You bite the catoblepas, but do no damage.
The catoblepas is moderately wounded.
You block the catoblepas's attack.
You hit the catoblepas but do no damage.
The catoblepas looks as sick as possible!
The catoblepas is moderately wounded.
The catoblepas closely misses you. The catoblepas gores you!!
You barely miss the catoblepas. Your bite misses the catoblepas.
The catoblepas is moderately wounded.
The catoblepas breathes a plume of calcifying dust at you.
The blast of calcifying dust hits you! The catoblepas gores you!!
You are too injured to fight recklessly!
You are too injured to fight recklessly!
You are too injured to fight recklessly!
Unknown command.
You hit the catoblepas.
The catoblepas looks as sick as possible!
You bite the catoblepas! You drain its power.
You feel invigorated.
The catoblepas is heavily wounded.
You hit the catoblepas.
The catoblepas looks as sick as possible!
The catoblepas is heavily wounded.
The catoblepas gores you!!
* * * LOW HITPOINT WARNING * * *
The catoblepas breathes a plume of calcifying dust at you.
The blast of calcifying dust hits you.
* * * LOW HITPOINT WARNING * * *
You hit the catoblepas but do no damage.
The catoblepas looks as sick as possible!
The catoblepas is severely wounded.
You are engulfed in calcifying dust.
You are slowing down.
As you read the scroll of teleportation, it crumbles to dust.
You feel strangely unstable.
You are engulfed in calcifying dust.
The catoblepas gores you!
You die...

###
.##################P########
............................
.#######....................
#....................
#)...................
#(...................
#...#+#.##...+.......
#...@.........#......
#..#Y................
#####..#§.......).#......
.......#.........).......
./.....#§................
.......#§................
.......##.P..##+.........
.........................
#.#.####...............P..


You could see a catoblepas (extremely poisoned).

Vanquished Creatures
  A hydra (D:9)
  2 centaur warriors (D:9)
  5 two-headed ogres (D:9)
  Pikel (D:7)
  Joseph (D:7)
  A kobold demonologist (D:9)
  2 cane toads (Lair:1)
  Maggie (D:7)
  A komodo dragon (D:7)
  An unseen horror (D:9)
  A tengu conjurer (D:9)
  2 trolls (D:9)
  5 blink frogs (Lair:1)
  A wraith (D:8)
  2 wyverns
  29 yaks
  A basilisk (D:9)
  A vampire mosquito (D:9)
  3 steam dragons
  Menkaure (D:7)
  5 water moccasins
  3 wargs (D:8)
  2 acid dragons (D:9)
  An ice beast (D:7)
  2 black bears
  4 orc warriors
  3 sky beasts (D:7)
  An ogre (D:4)
  5 centaurs
  4 phantoms
  3 lemures (D:7)
  6 kobold brigands
  A necrophage (D:7)
  6 bullfrogs
  4 scorpions
  A gnoll sergeant (D:9)
  13 wights
  8 killer bees
  4 howler monkeys
  4 hounds
  A jelly (D:5)
  7 orc priests
  3 iguanas
  11 orc wizards
  A gnoll (D:3)
  5 adders
  A shadow imp (D:8)
  A white imp (D:6)
  An ufetubus (D:5)
  A worm (D:5)
  A dart slug (D:2)
  24 orcs
  9 ball pythons
  7 endoplasms
  3 giant cockroaches
  11 goblins
  11 hobgoblins
  4 quokkas
  10 bats
  6 frilled lizards
  21 kobolds
  9 rats
290 creatures vanquished.

Vanquished Creatures (others)
  2 fungi (Lair:1)
  19 plants (Lair:1)
21 creatures vanquished.

Grand Total: 311 creatures vanquished

Notes
Turn   | Place    | Note
-------+----------+-------------------------------------------
     0 | D:1      | jimonade the Vine Stalker Brigand began the quest for the
                  | Orb.
     0 | D:1      | Reached XP level 1. HP: 11/11 MP: 2/2
   143 | D:1      | Reached skill level 5 in Stealth
   293 | D:1      | Reached XP level 2. HP: 9/15 MP: 0/3
   576 | D:1      | Reached skill level 1 in Dodging
   845 | D:1      | Reached XP level 3. HP: 18/18 MP: 4/4
  1325 | D:2      | Gained mutation: Your natural rate of healing is unusually
                  | fast. [Vine Stalker growth]
  1325 | D:2      | Reached XP level 4. HP: 21/23 MP: 3/5
  1325 | D:2      | Noticed a scorpion
  1338 | D:2      | Killed a scorpion
  1339 | D:2      | Reached skill level 6 in Stealth
  1339 | D:2      | Reached XP level 5. HP: 21/26 MP: 4/6
  1800 | D:3      | Found a sacrificial altar of Ru.
  1846 | D:3      | Found a blossoming altar of Fedhas.
  1914 | D:3      | Reached skill level 1 in Armour
  1948 | D:3      | Reached XP level 6. HP: 22/30 MP: 4/7
  2119 | D:3      | Found Dorgh's One-of-a-Kind Rings.
  2791 | D:4      | Reached skill level 7 in Stealth
  2791 | D:4      | Reached XP level 7. HP: 31/35 MP: 8/8
  2981 | D:4      | Found a staircase to the Ecumenical Temple.
  2988 | Temple   | Entered the Ecumenical Temple
  3048 | Temple   | Became a worshipper of Uskayaw the Reveller
  3180 | D:4      | Reached * piety under Uskayaw
  3235 | D:5      | Entered Level 5 of the Dungeon
  3333 | D:5      | Reached ** piety under Uskayaw
  3340 | D:5      | Reached *** piety under Uskayaw
  3346 | D:5      | Reached **** piety under Uskayaw
  3416 | D:5      | Gained mutation: You have razor-sharp teeth. [Vine Stalker
                  | growth]
  3416 | D:5      | Reached XP level 8. HP: 39/39 MP: 9/9
  3452 | D:5      | Reached skill level 1 in Invocations
  3514 | D:5      | Reached skill level 8 in Stealth
  3537 | D:5      | Found an iron altar of Okawaru.
  3877 | D:5      | Reached skill level 5 in Short Blades
  4609 | D:6      | You fall into a shaft and drop 1 floor!
  4685 | D:7      | Reached XP level 9. HP: 44/44 MP: 11/11
  4695 | D:7      | Reached skill level 9 in Stealth
  4761 | D:7      | Noticed a komodo dragon
  4778 | D:7      | Killed a komodo dragon
  5000 | D:7      | Noticed Joseph
  5018 | D:7      | Killed Joseph
  5140 | D:7      | Noticed Pikel
  5150 | D:7      | Reached ***** piety under Uskayaw
  5151 | D:7      | Killed Pikel
  5152 | D:7      | Reached skill level 10 in Stealth
  5152 | D:7      | Reached XP level 10. HP: 42/49 MP: 11/14
  5332 | D:7      | Identified the +5 flail of Circularity {heavy, Str+5 Int+2}
  5411 | D:7      | Noticed Maggie
  5427 | D:7      | Killed Maggie
  5762 | D:7      | Noticed Menkaure
  5772 | D:7      | Killed Menkaure
  6026 | D:7      | Found a glowing golden altar of the Shining One.
  6430 | D:8      | Reached skill level 5 in Invocations
  6433 | D:8      | Reached skill level 11 in Stealth
  6535 | D:8      | Found a broken altar of Ashenzari.
  6890 | D:8      | Found a staircase to the Lair.
  7139 | D:9      | Noticed a two-headed ogre
  7152 | D:9      | Reached XP level 11. HP: 53/53 MP: 16/16
  7156 | D:9      | Noticed a two-headed ogre
  7163 | D:9      | Killed a two-headed ogre
  7321 | D:9      | Killed a two-headed ogre
  7562 | D:9      | Reached skill level 5 in Dodging
  7623 | D:9      | Found a sparkling altar of Nemelex Xobeh.
  7680 | D:9      | Noticed a two-headed ogre
  7700 | D:9      | Killed a two-headed ogre
  7905 | D:9      | Noticed a two-headed ogre
  7926 | D:9      | Killed a two-headed ogre
  7927 | D:9      | Reached skill level 5 in Armour
  7927 | D:9      | Reached skill level 12 in Stealth
  8133 | D:9      | Noticed an eight-headed hydra
  8145 | D:9      | Killed an eight-headed hydra
  8180 | D:9      | Noticed a centaur warrior
  8204 | D:9      | Killed a centaur warrior
  8268 | D:9      | Noticed a two-headed ogre
  8338 | D:9      | Reached skill level 1 in Shields
  8578 | D:9      | Noticed a centaur warrior
  8590 | D:9      | Killed a centaur warrior
  8591 | D:9      | Reached XP level 12. HP: 53/59 MP: 14/18
  8665 | D:9      | Killed a two-headed ogre
  8666 | D:9      | Reached skill level 5 in Fighting
  8896 | Lair:1   | Entered Level 1 of the Lair of Beasts
  9014 | Lair:1   | Reached skill level 13 in Stealth
  9014 | Lair:1   | Reached skill level 1 in Transmutations
  9017 | Lair:1   | Reached skill level 1 in Spellcasting
  9032 | Lair:1   | Reached ****** piety under Uskayaw
  9285 | Lair:1   | Reached skill level 10 in Short Blades
  9469 | Lair:1   | Noticed a catoblepas
  9493 | Lair:1   | HP: 3/60 [catoblepas (19)]
  9496 | Lair:1   | Slain by a catoblepas

Illustrated notes

Levels and vault maps discovered:
D:1:      dpeg_arrival_rooms_a, layout_basic
D:2:      layout_basic, kennysheep_big_empty_room, minmay_hexomino_c4
D:3:      layout_rooms, fedhas_ov_isle_minmay,
          nicolae_ru_great_annihilating_truth, nicolae_shop_unique_rings,
          cheibrodos_gnoll_hut
D:4:      layout_rooms, temple_fountains
D:5:      layout_basic, okawaru_ov_weapons_minmay
D:6:      layout_rooms, minmay_misc_feat_encased
D:7:      minmay_thick_lines, layout_basic, kennysheep_little_box,
          eino_small_chamber_without_monster, uniq_pikel, uniq_joseph,
          uniq_menkaure, uniq_maggie
D:8:      cheibrodos_quashed, layout_basic, cheibrodos_ashenzari_chains,
          erik_lair_orcish_takeover
D:9:      minmay_quarter_circles, layout_rooms, nicolae_overflow_crystal_walls,
          kennysheep_small_circle
Temple:   nicolae_temple_x_marks_the_god
Lair:1:   layout_chaotic_city, pdpol_lair_neglected_garden, serial_bayou_pond_c,
          chequers_serial_rivers_small_b, lemuel_fruit_fields,
          serial_bayou_shore_a, lemuel_fruit_fields

Skill      XL: |  1  2  3  4  5  6  7  8  9 10 11 12 |
---------------+-------------------------------------+-----
Stealth        | 5 6 7 8 10 11 12 13 | 13.7
Short Blades   | 2 3 4 5 7 8 9 10 | 10.0
Dodging        | 1 2 3 4 5 6 |  6.1
Fighting       | 2 3 4 5 |  5.3
Throwing       | 2 3 |  3.9
Armour         | 1 2 3 4 5 |  5.3
Invocations    | 2 4 5 7 |  7.3
Shields        | 1 2 |  2.3
Transmutations | 2 |  2.6
Spellcasting   | 2 |  2.7

Action                     |  1- 3 |  4- 6 |  7- 9 | 10-12 || total
---------------------------+-------+-------+-------+-------++-------
  Melee: Dagger            |    87 |   116 |   234 |   522 ||   959
         Bite              |    16 |    29 |    75 |   205 ||   325
         Punch             |       |     1 |       |       ||     1
         Short sword       |       |       |       |     6 ||     6
   Fire: Sling             |       |       |     1 |       ||     1
  Throw: Dart              |       |     3 |       |    36 ||    39
 Invoke: Line Pass         |       |       |       |     2 ||     2
  Evoke: Wand              |       |       |       |     1 ||     1
    Use: Scroll            |       |    11 |       |    13 ||    24
   Stab: Sleeping          |    13 |    10 |     8 |    13 ||    44
         Paralysed         |       |       |     9 |    25 ||    34
         Distracted        |       |       |       |     4 ||     4
 Armour: Robe              |    12 |       |       |       ||    12
         Leather armour    |    10 |    31 |    48 |    38 ||   127
         Acid dragon scale |       |       |       |    41 ||    41
         Steam dragon scal |       |       |       |    17 ||    17
  Dodge: Dodged            |    30 |    72 |   108 |   224 ||   434
  Block: Buckler           |       |       |       |    87 ||    87
         Reflection        |       |       |       |     2 ||     2

Table legend: (Time is in decaauts)
 A = Elapsed time spent in this place.
 B = Non-inter-level travel time spent in this place.
 C = Inter-level travel time spent in this place.
 D = Time resting spent in this place.
 E = Time spent auto-exploring this place.
 F = Levels seen in this place.
 G = Mean time per level.
                   A        B        C        D        E       F      G
               +--------+--------+--------+--------+--------+-----+--------+
         Total |   9161 |   8692 |    469 |    751 |   5017 |  11 |  832.8 |
       Dungeon |   8555 |   8099 |    456 |    751 |   4656 |   9 |  950.6 |
        Temple |     64 |     52 |     12 |      0 |     46 |   1 |   64.0 |
          Lair |    540 |    540 |      0 |      0 |    315 |   1 |  540.0 |
               +--------+--------+--------+--------+--------+-----+--------+

Top non-repeatable levels by time:
     D:7: 1560 daAuts
     D:9: 1502 daAuts
     D:5: 1058 daAuts
     D:8: 1018 daAuts
     D:3: 964 daAuts
     D:1: 889 daAuts
     D:2: 846 daAuts
  Lair:1: 540 daAuts
     D:4: 432 daAuts
     D:6: 283 daAuts
  Temple: 64 daAuts
